 Dungeon Crawl Stone Soup version 0.25-a0-942-g87a53962fc (webtiles) character file.

Game seed: 10795980429367476467, levelgen mode: deterministic

76728 MisterFreud the Fighter (level 15, -1/120 HPs)
             Began as a Gnoll Abyssal Knight on May 7, 2020.
             Was the Champion of Lugonu.
             Slain by an orc knight
             ... wielding a +3 war axe
              (12 damage)
             ... on level 2 of the Orcish Mines.
             The game lasted 01:01:45 (36753 turns).

MisterFreud the Fighter (Gnoll Abyssal Knight)     Turns: 36753, Time: 01:01:45

Health: -1/120     AC: 22    Str: 16    XL:     15   Next: 54%
Magic:  0/29       EV: 10    Int: 25    God:    Lugonu [******]
Gold:   99         SH:  0    Dex: 12    Spells: 34/34 levels left

rFire    . . .     SeeInvis .   V - +10 rapier of Linearity {pain, rN+ Str+2}
rCold    + + .     Gourm    .   (no shield)
rNeg     + + +     Faith    .   L - +0 plate armour
rPois    .         Spirit   +   M - +1 hat
rElec    .         Reflect  .   X - +2 cloak {rC+}
rCorr    .         Harm     .   R - +0 pair of gloves
MR       +....                  P - +0 pair of boots
Stlth    +.........             C - amulet of guardian spirit
HPRegen  0.30/turn              v - +1 ring of evasion
MPRegen  0.21/turn              j - ring of the Iron Devil {rC+ rN++ Int+4 Dex-3 Stlth+}

@: no status effects
A: distributed training, fangs 1, strong nose
a: Depart the Abyss, Bend Space, Banish, Corrupt, Enter the Abyss, Brand Weapon
With Distortion, Renounce Religion


You were on level 2 of the Orcish Mines.
You worshipped Lugonu.
Lugonu was exalted by your worship.
You were not hungry.

You visited 3 branches of the dungeon, and saw 23 of its levels.
You visited the Abyss 1 time.
You visited 1 bazaar.
You also visited: Ossuary and Ice Cave.

You collected 1643 gold pieces.
You spent 1544 gold pieces at shops.

Inventory:

Hand Weapons
 V - the +10 rapier of Linearity (weapon) {pain, rN+ Str+2}
   (You bought it in a shop on level 4 of the Dungeon)

   In the hands of one skilled in necromantic magic, it inflicts extra damage on
   living creatures.
   It affects your strength (+2).
   It protects you from negative energy.
Missiles
 x - 4 throwing nets (quivered)
 G - 24 boomerangs
Armour
 L - a +0 plate armour (worn)
 M - a +1 hat (worn)
 P - a +0 pair of boots (worn)
 R - a +0 pair of gloves (worn)
 S - a +2 tower shield of cold resistance
 X - a +2 cloak of cold resistance (worn)
Jewellery
 f - an uncursed ring of ice
 j - the ring of the Iron Devil (right hand) {rC+ rN++ Int+4 Dex-3 Stlth+}
   (You found it on level 6 of the Lair of Beasts)

   [ring of stealth]

   It affects your intelligence (+4).
   It affects your dexterity (-3).
   It protects you from cold.
   It greatly protects you from negative energy.
   It makes you more stealthy.
 v - a +1 ring of evasion (left hand)
 C - an amulet of guardian spirit (around neck)
 Z - an uncursed ring of wizardry
Wands
 q - a wand of scattershot (2)
 u - a wand of flame (30)
 w - a wand of enslavement (6)
 A - a wand of disintegration (13)
 F - a wand of acid (11)
 K - a wand of iceblast (23)
 N - a wand of random effects (29)
Scrolls
 a - a scroll of holy word
 g - 14 scrolls of teleportation
 m - 10 scrolls of identify
 s - a scroll of random uselessness
 t - 11 scrolls of remove curse
 B - 2 scrolls of immolation
 D - a scroll of amnesia {unknown}
 E - 4 scrolls of enchant armour
 H - 4 scrolls of enchant weapon {unknown}
 I - a scroll of blinking
 O - a scroll of summoning {unknown}
 Q - a scroll of brand weapon {unknown}
 T - a scroll of fear
 U - a scroll of silence {unknown}
 Y - a scroll of magic mapping
Potions
 d - 5 potions of lignification
 e - 10 potions of mutation
 h - 12 potions of curing
 i - 4 potions of flight
 l - 6 potions of heal wounds
 n - 11 potions of might
 o - 7 potions of haste
 p - 2 potions of cancellation
 y - 3 potions of invisibility
 z - 4 potions of brilliance
 J - 2 potions of stabbing
Miscellaneous
 b - a lightning rod (4/4)
 r - a phantom mirror
 W - a box of beasts
Comestibles
 c - 27 rations


   Skills:
 + Level 11.7 Fighting
 + Level 10.9 Short Blades
 + Level 10.0 Long Blades
 + Level 10.0 Axes
 + Level 10.0 Maces & Flails
 + Level 10.0 Polearms
 + Level 10.0 Staves
 + Level 10.0 Slings
 + Level 10.0 Bows
 + Level 10.0 Crossbows
 + Level 10.0 Throwing
 + Level 10.9 Armour
 + Level 10.3 Dodging
 + Level 10.0 Stealth
 + Level 10.0 Shields
 + Level 10.0 Unarmed Combat
 + Level 10.0 Spellcasting
 + Level 8.4 Conjurations
 + Level 8.4 Hexes
 + Level 8.4 Charms
 + Level 8.4 Summonings
 + Level 8.4 Necromancy
 + Level 8.4 Translocations
 + Level 8.4 Transmutations
 + Level 8.4 Fire Magic
 + Level 8.4 Ice Magic
 + Level 8.4 Air Magic
 + Level 8.4 Earth Magic
 + Level 8.4 Poison Magic
 + Level 11.6 Invocations
 + Level 10.0 Evocations


You had 34 spell levels left.
You didn't know any spells.
Your spell library contained the following spells:

 Spells                   Type           Power        Failure   Level  Hunger
 Beastly Appendage        Tmut           ######       4%          1    None
 Magic Dart               Conj           ####         4%          1    None
 Sting                    Tmut/Pois      ####         4%          1    None
 Poisonous Vapours        Pois/Air       ######       7%          2    None
 Searing Ray              Conj           ######       7%          2    None
 Sticks to Snakes         Tmut           ######..     7%          2    None
 Confusing Touch          Hex            ######..     14%         3    None
 Dazzling Flash           Conj/Hex       ######       14%         3    None
 Gell's Gravitas          Tloc           ######....   14%         3    None
 Ignite Poison            Fire/Tmut/Pois ######..     14%         3    None
 Mephitic Cloud           Conj/Pois/Air  ######..     14%         3    None
 Spider Form              Tmut/Pois      ######....   14%         3    None
 Fulminant Prism          Conj/Hex       ######....   41%         4    None
 Ice Form                 Ice/Tmut       ######..     41%         4    None
 Iskenderun's Mystic Bla  Conj/Tloc      ######..     41%         4    None
 Olgreb's Toxic Radiance  Pois           ######..     41%         4    None
 Petrify                  Tmut/Erth      ######..     41%         4    None
 Blade Hands              Tmut           ######....   77%         5    ####...
 Metabolic Englaciation   Hex/Ice        ######....   77%         5    ####...
 Yara's Violent Unravell  Hex/Tmut       ######....   77%         5    ####...


Dungeon Overview and Level Annotations

Branches:
Dungeon (15/15)            Temple (0/1) D:5            Lair (6/6) D:9
  Swamp (0/4) Lair:4       Spider (0/4) Lair:2        Slime (0/5) Lair:5
    Orc (2/2) D:10            Elf (0/3) Orc:2        Vaults (0/5) D:14
 Depths (0/5) D:15        Ossuary (visited)           IceCv (visited)

Altars:
Ashenzari
Makhleb
Nemelex Xobeh
Okawaru
Qazlal
Sif Muna
Vehumet
Xom
Yredelemnul
Zin
Beogh
Jiyva

Shops:
D:4 (

Annotations:
Lair:5 4 runed translucent doors, Zorot's ghost, journeyman DrVM
Abyss:1 Maurice


Innate Abilities, Weirdness & Mutations

Your experience applies equally to all skills.
You have very sharp teeth.
Your uncanny sense of smell can sniff out nearby items.


Message History

You are too injured to fight recklessly!
You closely miss the orc knight.
The orc knight is heavily wounded.
The orc knight hits you with a +3 war axe!
* * * LOW HITPOINT WARNING * * *
The orc knight hits you with a +3 war axe!!
* * * LOW HITPOINT WARNING * * *
You puncture the orc knight!
The orc knight writhes in agony.
The orc knight is almost dead.
You hit the orc knight.
The orc knight writhes in agony.
The orc knight is almost dead.
The orc knight hits you with a +3 war axe!
* * * LOW HITPOINT WARNING * * *
You hit the orc knight but do no damage.
The orc knight writhes in agony.
The orc knight is almost dead.
You closely miss the orc knight.
The orc knight is almost dead.
The orc knight hits you with a +3 war axe!
You die...

##...............#,,,,*,,,
#......#.......#.#,,,,,,,*
#.................,,,,,,,*
#......#..........,,,,,,,,
*#....#(...#......,,,,,,,,
*#...............,,,,,,,,
##...............,,,..,,,
#.$.....o<..............,
#.......@...............#
##....#..................#
#.......................#.
##........#...............
#.........................
#.......................#.
##.#......[<..............
####....[.#[.......).....
##........#....#.........


You could see an orc knight.

Vanquished Creatures
  A frost giant (IceCv)
  A dire elephant (Lair:6)
  A vault guard (D:14)
  Harold (Lair:2)
  6 two-headed ogres
  A catoblepas (Lair:6)
  6 centaur warriors
  A deep troll shaman (Lair:6)
  9 death yaks
  2 tengu warriors (D:13)
  A fire crab (Lair:3)
  4 skeletal warriors (D:12)
  3 unseen horrors
  An orc knight (D:15)
  An oklob plant (Lair:6)
  A deep elf mage (D:14)
  2 manticores
  13 ugly things
  An ice statue (IceCv)
  3 black mambas
  3 cyclopes
  5 elephants
  5 spiny frogs
  A torpor snail (Lair:5)
  Psyche (D:11)
  2 gargoyles
  5 komodo dragons
  An efreet (D:14)
  2 rime drakes
  2 ice devils (D:13)
  18 polar bears
  2 trolls
  A queen bee (D:12)
  A slime creature (D:15)
  16 blink frogs
  A dream sheep (Lair:6)
  8 hippogriffs
  3 shadows
  A wraith (D:11)
  3 wyverns
  3 redbacks (Lair:2)
  4 basilisks
  43 yaks
  Grum (D:8)
  A hungry ghost (D:11)
  Menkaure (D:6)
  An acid dragon (D:13)
  3 wargs
  9 water moccasins
  12 porcupines
  4 ice beasts
  An eye of draining (D:13)
  12 orc warriors
  A sky beast (D:5)
  A necrophage (D:13)
  2 phantoms
  6 black bears
  10 ogres
  5 boggarts (D:14)
  37 wolves
  10 crocodiles
  13 centaurs
  Blork the orc (D:6)
  A big kobold (D:12)
  19 bullfrogs
  2 gnoll sergeants
  A water moccasin zombie (Ossuary)
  2 wyvern skeletons
  8 scorpions
  23 killer bees
  8 wights
  A howler monkey (D:5)
  An electric eel (D:10)
  7 crimson imps
  2 bullfrog zombies
  3 centaur zombies
  3 quasits
  8 orc priests
  6 jellies
  2 hounds
  3 centaur skeletons
  16 orc wizards
  3 iguanas
  12 worker ants
  12 hell rats
  4 big kobold zombies (Ossuary)
  4 hound skeletons
  3 mummies
  7 gnolls
  11 adders
  A howler monkey skeleton (D:7)
  4 river rats (Lair:6)
  3 shadow imps
  6 adder zombies
  3 worms
  3 dart slugs
  6 leopard geckos
  59 orcs
  4 bats
  10 giant cockroaches
  2 gnoll zombies (Ossuary)
  11 hobgoblins
  15 jackals
  3 quokkas
  7 frilled lizards
  6 goblins
  6 hobgoblin zombies (Ossuary)
  12 kobolds
  8 kobold zombies (Ossuary)
  A leopard gecko skeleton (D:7)
  An orc zombie (Ossuary)
  10 rats
  5 plants
679 creatures vanquished.

Vanquished Creatures (collateral kills)
  A kobold demonologist (D:15)
1 creature vanquished.

Vanquished Creatures (others)
  3 hydras
  A yak (Lair:2)
  A vampire mosquito (D:14)
  A porcupine (D:9)
  An orc wizard (D:6)
  10 fungi
  3 plants
20 creatures vanquished.

Grand Total: 700 creatures vanquished

Notes
Turn   | Place    | Note
-------+----------+-------------------------------------------
     0 | Abyss:1  | MisterFreud the Gnoll Abyssal Knight began the quest for
                  | the Orb.
     0 | Abyss:1  | Reached XP level 1. HP: 23/23 MP: 3/3
    11 | D:1      | Escaped the Abyss
   402 | D:1      | Reached XP level 2. HP: 29/29 MP: 5/5
  1466 | D:2      | Found a shimmering blue altar of Sif Muna.
  1492 | D:2      | Reached XP level 3. HP: 33/35 MP: 6/6
  1870 | D:2      | Found a burning altar of Makhleb.
  1870 | D:2      | Noticed a balrug
  1873 | D:2      | Noticed a smoke demon
  1873 | D:2      | Noticed a ynoxinul
  2119 | D:2      | Found a stormy altar of Qazlal.
  2294 | D:3      | Reached skill level 1 in Long Blades
  2294 | D:3      | Reached skill level 1 in Axes
  2294 | D:3      | Reached skill level 1 in Maces & Flails
  2294 | D:3      | Reached skill level 1 in Polearms
  2294 | D:3      | Reached skill level 1 in Staves
  2294 | D:3      | Reached skill level 1 in Slings
  2294 | D:3      | Reached skill level 1 in Bows
  2294 | D:3      | Reached skill level 1 in Crossbows
  2294 | D:3      | Reached skill level 1 in Throwing
  2294 | D:3      | Reached skill level 1 in Stealth
  2294 | D:3      | Reached skill level 1 in Shields
  2294 | D:3      | Reached skill level 1 in Unarmed Combat
  2294 | D:3      | Reached skill level 1 in Spellcasting
  2294 | D:3      | Reached skill level 1 in Evocations
  2681 | D:3      | Reached XP level 4. HP: 41/41 MP: 7/7
  2763 | D:3      | Reached ** piety under Lugonu
  2906 | D:3      | Found a glowing silver altar of Zin.
  2907 | D:3      | Found a basalt altar of Yredelemnul.
  2907 | D:3      | Found a radiant altar of Vehumet.
  2971 | D:3      | Reached skill level 1 in Conjurations
  2971 | D:3      | Reached skill level 1 in Hexes
  2971 | D:3      | Reached skill level 1 in Charms
  2971 | D:3      | Reached skill level 1 in Summonings
  2971 | D:3      | Reached skill level 1 in Necromancy
  2971 | D:3      | Reached skill level 1 in Translocations
  2971 | D:3      | Reached skill level 1 in Transmutations
  2971 | D:3      | Reached skill level 1 in Fire Magic
  2971 | D:3      | Reached skill level 1 in Ice Magic
  2971 | D:3      | Reached skill level 1 in Air Magic
  2971 | D:3      | Reached skill level 1 in Earth Magic
  2971 | D:3      | Reached skill level 1 in Poison Magic
  3365 | D:3      | Reached XP level 5. HP: 42/47 MP: 8/8
  4000 | D:4      | Found Odwestily's Weapon Shoppe.
  4110 | D:4      | Reached skill level 5 in Invocations
  4110 | D:4      | Reached XP level 6. HP: 38/53 MP: 6/9
  4803 | D:5      | Entered Level 5 of the Dungeon
  4832 | D:5      | Found a sand-covered staircase.
  4840 | Ossuary  | Entered an ossuary
  4888 | Ossuary  | Reached *** piety under Lugonu
  4897 | Ossuary  | Reached skill level 5 in Short Blades
  4897 | Ossuary  | Reached skill level 5 in Armour
  5176 | Ossuary  | Reached XP level 7. HP: 43/59 MP: 7/10
  5963 | D:5      | Found a staircase to the Ecumenical Temple.
  6494 | D:6      | Noticed Menkaure
  7004 | D:6      | HP: 3/60 [Menkaure (19)]
  7011 | D:6      | Killed Menkaure
  7011 | D:6      | Reached XP level 8. HP: 12/67 MP: 1/12
  7334 | D:6      | Noticed Blork the orc
  7344 | D:6      | Killed Blork the orc
  7531 | D:6      | Found a shattered altar of Ashenzari.
  7615 | D:6      | Reached **** piety under Lugonu
  7892 | D:6      | Found a sparkling altar of Nemelex Xobeh.
  8004 | D:4      | Found a shimmering altar of Xom.
  8428 | D:6      | Reached XP level 9. HP: 62/72 MP: 11/14
  9466 | D:7      | Reached skill level 5 in Dodging
  9806 | D:6      | Reached ***** piety under Lugonu
 10519 | D:8      | Noticed Grum
 10532 | D:8      | Killed Grum
 10532 | D:8      | Reached XP level 10. HP: 25/80 MP: 4/17
 10709 | D:8      | Found an iron altar of Okawaru.
 11025 | D:8      | Noticed Maurice
 11344 | D:8      | Found a shimmering altar of Xom.
 11379 | D:9      | Reached skill level 5 in Long Blades
 11379 | D:9      | Reached skill level 5 in Axes
 11379 | D:9      | Reached skill level 5 in Maces & Flails
 11379 | D:9      | Reached skill level 5 in Polearms
 11379 | D:9      | Reached skill level 5 in Staves
 11379 | D:9      | Reached skill level 5 in Slings
 11379 | D:9      | Reached skill level 5 in Bows
 11379 | D:9      | Reached skill level 5 in Crossbows
 11379 | D:9      | Reached skill level 5 in Throwing
 11379 | D:9      | Reached skill level 5 in Stealth
 11379 | D:9      | Reached skill level 5 in Shields
 11379 | D:9      | Reached skill level 5 in Unarmed Combat
 11379 | D:9      | Reached skill level 5 in Spellcasting
 11379 | D:9      | Reached skill level 5 in Evocations
 12082 | D:9      | Got a bone hand axe
 12083 | D:9      | Identified the cursed +0 hand axe of Ranky {venom, rF++
                  | Dex-4} (You found it on level 9 of the Dungeon)
 12703 | D:9      | Found a staircase to the Lair.
 13106 | D:10     | Entered Level 10 of the Dungeon
 13450 | D:10     | Noticed a purple ugly thing
 13462 | D:10     | Killed a purple ugly thing
 13462 | D:10     | Reached XP level 11. HP: 81/87 MP: 17/19
 13821 | D:10     | Found a staircase to the Orcish Mines.
 13988 | D:10     | Reached skill level 5 in Conjurations
 13988 | D:10     | Reached skill level 5 in Hexes
 13988 | D:10     | Reached skill level 5 in Charms
 13988 | D:10     | Reached skill level 5 in Summonings
 13988 | D:10     | Reached skill level 5 in Necromancy
 13988 | D:10     | Reached skill level 5 in Translocations
 13988 | D:10     | Reached skill level 5 in Transmutations
 13988 | D:10     | Reached skill level 5 in Fire Magic
 13988 | D:10     | Reached skill level 5 in Ice Magic
 13988 | D:10     | Reached skill level 5 in Air Magic
 13988 | D:10     | Reached skill level 5 in Earth Magic
 13988 | D:10     | Reached skill level 5 in Poison Magic
 14609 | D:10     | Noticed a two-headed ogre
 14616 | D:10     | Killed a two-headed ogre
 14616 | D:10     | Reached ****** piety under Lugonu
 14982 | D:11     | Noticed a two-headed ogre
 14993 | D:11     | Killed a two-headed ogre
 15291 | D:11     | Noticed Psyche
 15301 | D:11     | Killed Psyche
 15308 | D:11     | Noticed a two-headed ogre
 15318 | D:11     | Killed a two-headed ogre
 15458 | D:11     | Noticed a cyan ugly thing
 15482 | D:11     | Killed a green ugly thing
 15836 | D:11     | Noticed a two-headed ogre
 15843 | D:11     | Killed a two-headed ogre
 16108 | D:11     | Noticed a manticore
 16123 | D:11     | Killed a manticore
 16123 | D:11     | Reached XP level 12. HP: 47/96 MP: 10/22
 16798 | Lair:1   | Entered Level 1 of the Lair of Beasts
 20319 | D:12     | Noticed a two-headed ogre
 20330 | D:12     | Killed a two-headed ogre
 20330 | D:12     | Reached skill level 10 in Fighting
 20962 | D:8      | Banished Maurice
 21040 | D:4      | Bought the +10 rapier of Linearity {pain, rN+ Str+2} for
                  | 754 gold pieces
 21253 | Lair:2   | Reached XP level 13. HP: 79/103 MP: 22/24
 21575 | Lair:2   | Noticed Harold
 21589 | Lair:2   | Killed Harold
 21752 | Lair:2   | Found a hole to the Spider Nest.
 22588 | Lair:3   | Reached skill level 10 in Invocations
 23862 | Lair:4   | Found a staircase to the Swamp.
 24844 | Lair:5   | Found a runed translucent door.
 24845 | Lair:5   | Noticed an azure jelly
 24856 | Lair:5   | Found a viscous altar of Jiyva.
 24856 | Lair:5   | Found a staircase to the Slime Pits.
 24856 | Lair:5   | Noticed an azure jelly
 25001 | Lair:5   | Found a runed translucent gate.
 25015 | Lair:5   | Found a runed translucent gate.
 25016 | Lair:5   | Found a runed translucent gate.
 25852 | Lair:5   | Noticed Zorot's ghost (journeyman DrVM)
 25869 | Lair:6   | Entered Level 6 of the Lair of Beasts
 26333 | Lair:5   | Reached XP level 14. HP: 67/111 MP: 16/26
 27404 | Lair:6   | Reached skill level 10 in Short Blades
 27404 | Lair:6   | Reached skill level 10 in Armour
 28418 | Lair:6   | Noticed a dire elephant
 28436 | Lair:6   | Killed a dire elephant
 28455 | Lair:6   | Got a translucent lapis lazuli ring
 28456 | Lair:6   | Identified the ring of the Iron Devil {rC+ rN++ Int+4 Dex-3
                  | Stlth+} (You found it on level 6 of the Lair of Beasts)
 30068 | D:13     | Found a frozen archway.
 30108 | IceCv    | Entered an ice cave
 31349 | IceCv    | Noticed a frost giant
 31372 | IceCv    | Killed a frost giant
 31778 | D:13     | You fall into a shaft and drop 2 floors!
 31778 | D:15     | Entered Level 15 of the Dungeon
 32624 | D:13     | Reached XP level 15. HP: 114/119 MP: 28/28
 32869 | D:13     | You fall into a shaft and drop 1 floor!
 32884 | D:14     | Reached skill level 10 in Dodging
 35632 | D:14     | Found a gate to the Vaults.
 36301 | D:14     | Reached skill level 10 in Long Blades
 36301 | D:14     | Reached skill level 10 in Axes
 36301 | D:14     | Reached skill level 10 in Maces & Flails
 36301 | D:14     | Reached skill level 10 in Polearms
 36301 | D:14     | Reached skill level 10 in Staves
 36301 | D:14     | Reached skill level 10 in Slings
 36301 | D:14     | Reached skill level 10 in Bows
 36301 | D:14     | Reached skill level 10 in Crossbows
 36301 | D:14     | Reached skill level 10 in Throwing
 36301 | D:14     | Reached skill level 10 in Stealth
 36301 | D:14     | Reached skill level 10 in Shields
 36301 | D:14     | Reached skill level 10 in Unarmed Combat
 36301 | D:14     | Reached skill level 10 in Spellcasting
 36301 | D:14     | Reached skill level 10 in Evocations
 36428 | Orc:1    | Entered Level 1 of the Orcish Mines
 36588 | Orc:2    | Entered Level 2 of the Orcish Mines
 36627 | Orc:2    | Found a flickering gateway to a bazaar.
 36636 | Bazaar   | Entered a bazaar
 36636 | Bazaar   | Found Jogiolecvu's Weapon Emporium.
 36636 | Bazaar   | Found Wapnenut's Distillery.
 36637 | Bazaar   | Found Genywn's Armour Shoppe.
 36637 | Bazaar   | Found Jyonifai's Distillery.
 36657 | Bazaar   | Bought 2 potions of heal wounds for 80 gold pieces
 36657 | Bazaar   | Bought a potion of might for 32 gold pieces
 36657 | Bazaar   | Bought a potion of might for 32 gold pieces
 36657 | Bazaar   | Bought a potion of might for 32 gold pieces
 36657 | Bazaar   | Bought a potion of heal wounds for 40 gold pieces
 36657 | Bazaar   | Bought a potion of invisibility for 64 gold pieces
 36657 | Bazaar   | Bought a potion of haste for 80 gold pieces
 36657 | Bazaar   | Bought a potion of haste for 80 gold pieces
 36663 | Bazaar   | Bought 2 potions of heal wounds for 140 gold pieces
 36663 | Bazaar   | Bought a potion of might for 56 gold pieces
 36663 | Bazaar   | Bought a potion of might for 56 gold pieces
 36663 | Bazaar   | Bought a potion of curing for 42 gold pieces
 36663 | Bazaar   | Bought a potion of might for 56 gold pieces
 36733 | Orc:1    | Found a roughly hewn altar of Beogh.
 36753 | Orc:2    | Slain by an orc knight

Levels and vault maps discovered:
D:1:      dpeg_arrival_round_c, layout_basic, minmay_tripent
D:2:      layout_loops_ring, lemuel_round_altar, makhleb_altar_promises_db,
          nicolae_overflow_hidden_temple, kennysheep_generic_room_2
D:3:      layout_basic, gammafunk_temple_overflow_forgotten
D:4:      lemuel_upstairs_altar, layout_loops_ring, first_ration, serial_shops,
          nicolae_shop_trees
D:5:      layout_loops_ring, minmay_temple_entry_antechambers,
          gup_ossuary_entry_pyramid
D:6:      layout_basic, kennysheep_mini_moat, nemelex_diamond_rough_becter,
          uniq_blork_the_orc, uniq_menkaure
D:7:      layout_cave_pools
D:8:      layout_cave_pools, kennysheep_mini, lemuel_crystal_altar,
          serial_rivers, chequers_serial_rivers_large_b,
          chequers_serial_rivers_room_b, chequers_serial_rivers_micro_c,
          chequers_serial_rivers_micro_c, chequers_serial_rivers_small_3,
          uniq_maurice, uniq_grum
D:9:      layout_cave_pods, minmay_lair_entry_grove, enter_bailey_6
D:10:     layout_roguey, erik_orc_3, serial_bayou_ford_a
D:11:     layout_irregular_city, uniq_psyche
D:12:     layout_roguey, david_nohive_1, minmay_stone_trees_small
D:13:     layout_loops_ring, portal_ice_cave_demonic_guard,
          minmay_misc_feat_more_columns
D:14:     layout_basic, david_vaults_5, infiniplex_staircase_zigzag_5
D:15:     gammafunk_enter_depths_forms, layout_irregular_city,
          grunt_decor_resistance, trog_ov_bears_minmay
Lair:1:   layout_gridlike, st_stairs_9
Lair:2:   layout_cave_shapes, spider_nest_entry_webs, lemuel_old_faithful,
          uniq_harold
Lair:3:   layout_regular_city, infiniplex_staircase_pool_2, grunt_megastairs_3
Lair:4:   layout_big_grid, swamp_mist, st_stairs_9
Lair:5:   layout_gridlike, slime_altar_2, gammafunk_ghost_icy,
          grunt_megastairs_4
Lair:6:   grunt_lair_end_beastmaster, layout_misc_corridors, st_stairs_8,
          kennysheep_abandoned_house
Orc:1:    layout_caves, basic_altar
Orc:2:    grunt_orc_community_town_hall, layout_caves,
          grunt_orc_community_big_house_1, grunt_orc_community_big_house_1,
          grunt_orc_community_house_3, grunt_orc_community_house_1,
          grunt_orc_community_house_1, grunt_orc_community_house_1,
          grunt_orc_community_house_1, grunt_orc_community_house_1,
          serial_shops, bzr_entry_dummy

Skill      XL: |  1  2  3  4  5  6  7  8  9 10 11 12 13 14 15 |
---------------+----------------------------------------------+-----
Long Blades    | 1 2 3 4 5 6 7 8 9 10 | 10.0
Axes           | 1 2 3 4 5 6 7 8 9 10 | 10.0
Maces & Flails | 1 2 3 4 5 6 7 8 9 10 | 10.0
Polearms       | 1 2 3 4 5 6 7 8 9 10 | 10.0
Staves         | 1 2 3 4 5 6 7 8 9 10 | 10.0
Slings         | 1 2 3 4 5 6 7 8 9 10 | 10.0
Bows           | 1 2 3 4 5 6 7 8 9 10 | 10.0
Crossbows      | 1 2 3 4 5 6 7 8 9 10 | 10.0
Throwing       | 1 2 3 4 5 6 7 8 9 10 | 10.0
Stealth        | 1 2 3 4 5 6 7 8 9 10 | 10.0
Shields        | 1 2 3 4 5 6 7 8 9 10 | 10.0
Unarmed Combat | 1 2 3 4 5 6 7 8 9 10 | 10.0
Spellcasting   | 1 2 3 4 5 6 7 8 9 10 | 10.0
Evocations     | 1 2 3 4 5 6 7 8 9 10 | 10.0
Conjurations   | 1 2 3 4 5 6 7 8 |  8.4
Hexes          | 1 2 3 4 5 6 7 8 |  8.4
Charms         | 1 2 3 4 5 6 7 8 |  8.4
Summonings     | 1 2 3 4 5 6 7 8 |  8.4
Necromancy     | 1 2 3 4 5 6 7 8 |  8.4
Translocations | 1 2 3 4 5 6 7 8 |  8.4
Transmutations | 1 2 3 4 5 6 7 8 |  8.4
Fire Magic     | 1 2 3 4 5 6 7 8 |  8.4
Ice Magic      | 1 2 3 4 5 6 7 8 |  8.4
Air Magic      | 1 2 3 4 5 6 7 8 |  8.4
Earth Magic    | 1 2 3 4 5 6 7 8 |  8.4
Poison Magic   | 1 2 3 4 5 6 7 8 |  8.4
Dodging        | 3 4 5 6 7 8 9 10 | 10.3
Invocations    | 5 6 7 8 9 10 11 | 11.6
Short Blades   | 5 6 7 8 9 10 | 10.9
Armour         | 5 6 7 8 9 10 | 10.9
Fighting       | 7 8 9 10 11 | 11.7

Action                   |  1- 3 |  4- 6 |  7- 9 | 10-12 | 13-15 || total
-------------------------+-------+-------+-------+-------+-------++-------
Melee: Short sword       |   141 |   145 |       |       |       ||   286
       Bite              |    17 |    36 |    46 |   109 |   157 ||   365
       Hand axe          |       |   118 |   389 |   894 |       ||  1401
       Punch             |       |       |     7 |    22 |    34 ||    63
       Rapier            |       |       |       |    35 |  1283 ||  1318
Throw: Dart              |       |     5 |       |       |       ||     5
Invok: Banish            |       |       |       |     3 |     6 ||     9
Evoke: Wand              |       |       |    10 |    28 |    25 ||    63
       Box of beasts     |       |       |       |       |     2 ||     2
  Use: Scroll            |       |    10 |     4 |     5 |    15 ||    34
       Potion            |       |       |     4 |     3 |     4 ||    11
 Stab: Sleeping          |     3 |     5 |     6 |       |       ||    14
       Paralysed         |       |       |    15 |     7 |       ||    22
       Distracted        |       |       |     1 |       |       ||     1
       Confused          |       |       |       |     5 |       ||     5
       Petrified         |       |       |       |       |     3 ||     3
  Eat: Chunk             |     5 |     6 |     9 |    32 |    34 ||    86
       Ration            |       |     1 |     2 |     3 |     5 ||    11
Armor: Leather armour    |    24 |    41 |    67 |       |       ||   132
       Skin              |       |       |    19 |     9 |       ||    28
       Plate armour      |       |       |    25 |   700 |   781 ||  1506
Dodge: Dodged            |    83 |   126 |   254 |   428 |   574 ||  1465

Table legend:
 A = Non-vault XP
 B = Vault XP
 C = Vault XP percentage of total XP
 D = Non-vault monster count
 E = Vault monster count
 F = Vault count percentage of total count
                 A         B        C        D         E       F
            +---------+---------+-------+---------+---------+-------
      Total |   78449 |   31163 |  28.4 |     512 |     170 |  24.9
            +---------+---------+-------+---------+---------+-------
        D:1 |      26 |       4 |  13.3 |      14 |       2 |  12.5
        D:2 |      21 |       2 |   8.7 |      11 |       1 |   8.3
        D:3 |     173 |       0 |   0.0 |      36 |       0 |   0.0
        D:4 |     136 |       0 |   0.0 |       8 |       0 |   0.0
        D:5 |     597 |      18 |   2.9 |      15 |       1 |   6.2
        D:6 |    1436 |     275 |  16.1 |      44 |       2 |   4.3
        D:7 |    1033 |       0 |   0.0 |      33 |       0 |   0.0
        D:8 |    1379 |     884 |  39.1 |      31 |       6 |  16.2
        D:9 |    4353 |    1590 |  26.8 |      39 |      13 |  25.0
       D:10 |    5024 |     746 |  12.9 |      34 |      14 |  29.2
       D:11 |    4693 |     424 |   8.3 |      15 |       1 |   6.2
       D:12 |    6185 |    1294 |  17.3 |      27 |      17 |  38.6
       D:13 |    8191 |     692 |   7.8 |      23 |       2 |   8.0
       D:14 |   11991 |    3414 |  22.2 |      33 |       9 |  21.4
       D:15 |    4414 |       0 |   0.0 |      11 |       0 |   0.0
     Lair:1 |    2418 |      93 |   3.7 |      16 |       1 |   5.9
     Lair:2 |    3754 |    1646 |  30.5 |      18 |       4 |  18.2
     Lair:3 |    5698 |     715 |  11.1 |      28 |       3 |   9.7
     Lair:4 |    6223 |     116 |   1.8 |      26 |       1 |   3.7
     Lair:5 |    6118 |    1710 |  21.8 |      19 |       6 |  24.0
     Lair:6 |    3722 |    7549 |  67.0 |      16 |      22 |  57.9
      Orc:1 |     344 |       0 |   0.0 |       6 |       0 |   0.0
      Orc:2 |     520 |       0 |   0.0 |       9 |       0 |   0.0
    Ossuary |       0 |     276 | 100.0 |       0 |      29 | 100.0
      IceCv |       0 |    9715 | 100.0 |       0 |      36 | 100.0
            +---------+---------+-------+---------+---------+-------
